 Dungeon Crawl Stone Soup version 0.28-a0-792-g75f770b44e (webtiles) character file.

Game seed: 5833192312298501186

1284 Essalna the Firebug (level 8, -8/41 HPs)
             Began as a Gargoyle Fire Elementalist on Nov 3, 2021.
             Mangled by Duvessa (14 damage)
             ... on level 4 of the Dungeon.
             The game lasted 00:13:41 (6624 turns).

Essalna the Firebug (Gargoyle Fire Elementalist)    Turns: 6624, Time: 00:13:42

Health: -8/41      AC:  9    Str: 12    XL:     8   Next: 55%
Magic:  0/16       EV: 11    Int: 18    God:
Gold:   179        SH:  0    Dex: 10    Spells: 11/18 levels left

rFire   . . .      SeeInvis .   t - +2 dagger (venom)
rCold   . . .      Faith    .   (no shield)
rNeg    + . .      Spirit   .   a - +0 robe
rPois   ∞          Reflect  .   u - +0 helmet
rElec   +          Harm     .   (no cloak)
rCorr   +          Rampage  .   (no gloves)
Will    .....                   q - +0 pair of boots
Stlth   ++........              (no amulet)
HPRegen 0.13/turn               g - ring of resist corrosion
MPRegen 0.15/turn               (no ring)

@: no status effects
A: sickness immunity, AC +5, negative energy resistance 1, electricity
resistance, torment resistance 1, petrification resistance
a: no special abilities


You were on level 4 of the Dungeon.
You visited 1 branch of the dungeon, and saw 5 of its levels.

You collected 179 gold pieces.

Inventory:

Hand Weapons
 f - a +0 dagger
 t - a +2 dagger of venom (weapon)
Armour
 a - a +0 robe (worn)
 q - a +0 pair of boots (worn)
 u - a +0 helmet (worn)
Jewellery
 g - a ring of resist corrosion (left hand)
Wands
 B - a wand of flame (10)
Scrolls
 b - a scroll of fog {unknown}
 c - 8 scrolls of identify {unknown}
 d - 2 scrolls of noise {unknown}
 j - 2 scrolls of summoning {unknown}
 k - a scroll of immolation {unknown}
 n - 3 scrolls of holy word {unknown}
 o - a scroll of amnesia {unknown}
 r - 6 scrolls of blinking {unknown}
 s - a scroll of fear {unknown}
 w - a scroll of teleportation {unknown}
 y - 3 scrolls of enchant armour {unknown}
 A - a scroll of silence {unknown}
Potions
 e - a potion of attraction {unknown}
 h - 3 potions of curing
 i - a potion of might {unknown}
 l - 3 potions of lignification {unknown}
 m - a potion of cancellation {unknown}
 p - a potion of mutation {unknown}
 v - a potion of haste {unknown}
 x - a potion of magic {unknown}
 z - 3 potions of heal wounds {unknown}


   Skills:
 - Level 1.5 Dodging
 - Level 2.1 Stealth
 + Level 5.6 Spellcasting
 + Level 6.4 Conjurations
 + Level 6.5 Fire Magic


You had 11 spell levels left.
You knew the following spells:

 Your Spells              Type           Power      Damage    Failure   Level
a - Foxfire               Conj/Fire      100%       2x1d9     1%          1
b - Scorch                Fire           56%        2d8       1%          2
c - Flame Wave            Conj/Fire      28%        3d7       9%          4

Your spell library contained the following spells:

 Spells                   Type           Power      Damage    Failure   Level
 Conjure Flame            Conj/Fire      28%        6-21      2%          3
 Inner Flame              Hex/Fire       16%        N/A       10%         3
 Animate Skeleton         Necr           10%        N/A       13%         1
 Apportation              Tloc           10%        N/A       13%         1
 Summon Small Mammal      Summ           20%        N/A       13%         1
 Corpse Rot               Necr/Air       10%        N/A       19%         2
 Poisonous Vapours        Pois/Air       10%        N/A       19%         2


Dungeon Overview and Level Annotations

Branches:
Dungeon (5/15)
 Temple: D:4-7

Altars:
Elyvilon
Hepliaklqana
Wu Jian
Zin

Shops:
D:5 :

Annotations:
D:4 Duvessa, Sigmund


Innate Abilities, Weirdness & Mutations

You are immune to sickness and miasma.
Your stone body is resilient. (AC +5)
You are immune to poison.
You resist negative energy. (rN+)
You are resistant to electric shocks. (rElec)
You are resistant to unholy torment.
You are immune to petrification.


Message History

Casting: Scorch (safe; 1% risk of failure)
Confirm with . or Enter, or press ? or * to list all spells.
Flames lash Dowan.
Dowan is burned terribly!
Dowan is severely wounded.
Casting: Scorch (safe; 1% risk of failure)
Confirm with . or Enter, or press ? or * to list all spells.
Flames lash Dowan.
Dowan is burned terribly!
You kill Dowan!
Duvessa screams in rage.
Duvessa goes berserk!
The foxfire hits Duvessa.
Duvessa is lightly wounded.
There is a stone staircase leading up here.
Casting: Scorch (safe; 1% risk of failure)
Confirm with . or Enter, or press ? or * to list all spells.
Flames lash Duvessa.
Duvessa is moderately wounded.
Duvessa's fire resistance burns away.
Duvessa hits you with a +0 rapier.
Casting: Scorch (safe; 1% risk of failure)
Confirm with . or Enter, or press ? or * to list all spells.
Flames lash Duvessa.
Duvessa is burned terribly!
Duvessa is heavily wounded.
Duvessa hits you with a +0 rapier!
Casting: Scorch (safe; 1% risk of failure)
Confirm with . or Enter, or press ? or * to list all spells.
Flames lash Duvessa.
Duvessa is burned terribly!
Duvessa is heavily wounded.
Duvessa hits you with a +0 rapier! Duvessa barely misses you.
Casting: Scorch (safe; 1% risk of failure)
Confirm with . or Enter, or press ? or * to list all spells.
Flames lash Duvessa.
Duvessa is burned terribly!
Duvessa is almost dead.
Duvessa hits you with a +0 rapier!
* * * LOW HITPOINT WARNING * * *
Casting: Scorch (safe; 1% risk of failure)
Confirm with . or Enter, or press ? or * to list all spells.
Flames lash Duvessa.
Duvessa is burned terribly!
Duvessa is almost dead.
Duvessa hits you with a +0 rapier!
You die...

.....###..#######............†...
.......#..##.....................
.......#..##..#.....#............
)......#..##..##......#.##'######
..........##......#.#......#
.....###..##..##..#........#
###.......##..##..###...#..# ###
....................#...#..# #..
##<####...##....@##.#...#..## #.#
.............^...e.)...>....###.#
##........###....##.#...#.....)..
#.#####.## #...........#.#......
#.# ### #.##.##.....#.#...... #.#
#.#####.......#...... ##.#### #.#
#.#...#.#...... ......# #.#
#.......#...... ##....#
#.#####.#...#........


You could see Duvessa (berserk, combustible).

Vanquished Creatures
  Grinder (D:4)
  Menkaure (D:4)
  An ogre (D:3)
  A kobold brigand (D:5)
  3 scorpions (D:5)
  Dowan (D:4)
  A bullfrog zombie (D:5)
  A hound (D:5)
  3 orc priests
  5 iguanas
  Ijyb (D:5)
  2 orc wizards
  A hound zombie (D:5)
  A hound skeleton (D:4)
  3 gnolls (D:5)
  11 adders
  An ufetubus (D:4)
  A worm (D:3)
  3 dart slugs
  8 orcs
  2 endoplasms
  4 giant cockroaches
  5 goblins
  A hobgoblin (D:4)
  10 kobolds
  9 quokkas
  5 ball pythons
  4 bats
  A frilled lizard (D:3)
  2 rats
93 creatures vanquished.

Vanquished Creatures (others)
  382 foxfires
  14 fungi (D:5)
  11 plants (D:5)
407 creatures vanquished.

Grand Total: 500 creatures vanquished

Notes
Turn   | Place    | Note
-------+----------+-------------------------------------------
     0 | D:1      | Essalna the Gargoyle Fire Elementalist began the quest for
                  | the Orb.
     0 | D:1      | Reached XP level 1. HP: 10/10 MP: 3/3
   402 | D:1      | Reached XP level 2. HP: 15/15 MP: 0/5
   814 | D:1      | Found a faded altar of an unknown god.
  1103 | D:2      | Reached XP level 3. HP: 19/19 MP: 2/6
  1148 | D:2      | Learned a level 2 spell: Scorch
  2084 | D:3      | Found an ornate altar of the Wu Jian Council.
  2344 | D:3      | Reached XP level 4. HP: 24/24 MP: 3/8
  2933 | D:3      | Noticed an ogre
  2944 | D:3      | Killed an ogre
  2945 | D:3      | Reached XP level 5. HP: 28/28 MP: 1/9
  3603 | D:4      | Noticed Ijyb
  3947 | D:4      | Reached XP level 6. HP: 32/32 MP: 7/11
  4086 | D:4      | Noticed Duvessa
  4093 | D:4      | Noticed Sigmund
  4155 | D:5      | Entered Level 5 of the Dungeon
  4290 | D:5      | Found Gyrpheshrin's Self-Improvement Boutique.
  4674 | D:5      | Reached skill level 5 in Fire Magic
  4674 | D:5      | Reached XP level 7. HP: 36/36 MP: 8/13
  4889 | D:5      | Found a glowing silver altar of Zin.
  4889 | D:5      | Found a hazy altar of Hepliaklqana.
  4889 | D:5      | Found a white marble altar of Elyvilon.
  5076 | D:5      | Reached skill level 5 in Conjurations
  5745 | D:5      | Reached XP level 8. HP: 24/41 MP: 1/15
  6103 | D:5      | Killed Ijyb
  6298 | D:4      | Reached skill level 5 in Spellcasting
  6299 | D:4      | Noticed Grinder
  6299 | D:4      | Noticed Menkaure
  6311 | D:4      | Killed Menkaure
  6324 | D:4      | Paralysed by Grinder for 3 turns
  6327 | D:4      | Killed Grinder
  6566 | D:4      | Learned a level 4 spell: Flame Wave
  6614 | D:4      | Noticed Dowan
  6618 | D:4      | Killed Dowan
  6624 | D:4      | Mangled by Duvessa

Illustrated notes

Levels and vault maps discovered:
D:1:      sevenhm_arrival_forest_fort_large_3, layout_rooms,
          shapermc_ecumenical_altar_gd, grunt_decor_mini_mirrors,
          supply_closet_lemuel, minmay_misc_feat_roman
D:2:      layout_basic, serial_forest, infiniplex_forest_zigzag_1,
          infiniplex_forest_clump_long, infiniplex_forest_clump_large,
          infiniplex_forest_split, infiniplex_forest_lined_room_2,
          infiniplex_forest_end_double
D:3:      layout_basic, mainiacjoe_overflow_cross_hatched
D:4:      layout_basic, amethyst_killhole, lightli_corner_chamber, uniq_sigmund,
          uniq_ijyb, uniq_duvessa, uniq_grinder, uniq_menkaure
D:5:      old_forge, layout_loops_ring, gammafunk_temple_overflow_claw,
          kennysheep_crisscross, chequers_big_river, nicolae_shop_self_help

Skill      XL: |  1  2  3  4  5  6  7  8 |
---------------+-------------------------+-----
Conjurations   | 2 3 4 5 6 |  6.4
Spellcasting   | 3 4 5 |  5.6
Fire Magic     | 4 5 6 |  6.5
Dodging        | |  1.5
Stealth        | |  2.1

Action                   |  1- 3 |  4- 6 |  7- 9 || total
-------------------------+-------+-------+-------++-------
Melee: Dagger            |     7 |    29 |    23 ||    59
 Cast: Foxfire           |    61 |    84 |    75 ||   220
       Scorch            |       |    14 |    23 ||    37
 Stab: Sleeping          |     1 |     1 |       ||     2
Armor: Robe              |     1 |    15 |    10 ||    26
Dodge: Dodged            |     5 |    18 |    21 ||    44

Table legend: (Time is in decaauts)
 A = Elapsed time spent in this place.
 B = Non-inter-level travel time spent in this place.
 C = Inter-level travel time spent in this place.
 D = Time resting spent in this place.
 E = Time spent auto-exploring this place.
 F = Levels seen in this place.
 G = Mean time per level.
                   A        B        C        D        E       F      G
               +--------+--------+--------+--------+--------+-----+--------+
         Total |   6638 |   6291 |    347 |    117 |   5472 |   5 | 1327.6 |
       Dungeon |   6638 |   6291 |    347 |    117 |   5472 |   5 | 1327.6 |
               +--------+--------+--------+--------+--------+-----+--------+

Top non-repeatable levels by time:
     D:5: 2032 daAuts
     D:3: 1499 daAuts
     D:4: 1070 daAuts
     D:1: 1029 daAuts
     D:2: 1007 daAuts
